 Dungeon Crawl Stone Soup version 0.21.0-37-g46506fa (webtiles) character file.

7534 tidbits the Magician (level 11, -8/81 HPs)
             Began as a Gnoll Earth Elementalist on Feb 1, 2018.
             Was a Believer of Cheibriados.
             Mangled by a stone giant (31 damage)
             ... on level 10 of the Dungeon.
             The game lasted 00:33:54 (2230 turns).

tidbits the Magician (Gnoll Earth Elementalist)     Turns: 2230, Time: 00:33:55

Health: -8/81      AC: 11    Str: 16    XL:     11   Next: 16%
Magic:  2/22       EV: 18    Int: 24    God:    Cheibriados [**....]
Gold:   274        SH:  0    Dex: 21    Spells: 2/25 levels left

rFire    + . .     SeeInvis .   a - +2 rapier (elec)
rCold    + . .     Gourm    .   (no shield)
rNeg     . . .     Faith    .   B - +3 leather armour {MR+}
rPois    .         Spirit   .   E - +2 helmet
rElec    .         Reflect  .   (no cloak)
rCorr    .         Harm     +   (no gloves)
MR       +....                  F - +0 pair of boots
Stlth    ++++......             h - amulet of harm
HPRegen  0.23/turn              Y - +4 ring of slaying
MPRegen  0.18/turn              o - ring of protection from cold

@: very slow
A: distributed training, fangs 1, fire resistance 1, sense surroundings 1,
strong 1, strong nose
a: Bend Time, Renounce Religion


You were on level 10 of the Dungeon.
You worshipped Cheibriados.
Cheibriados was pleased with you.
You were not hungry.

You visited 2 branches of the dungeon, and saw 12 of its levels.

You collected 274 gold pieces.

Inventory:

Hand Weapons
 a - a +2 rapier of electrocution (weapon)
   (You took it off Eustachio on level 5 of the Dungeon)
 b - a +0 dagger
 p - a +2 falchion of slicing
   (You found it on level 5 of the Dungeon)
 q - a +2 dagger of venom
   (You took it off an orc on level 5 of the Dungeon)
 u - a +0 war axe
 D - a cursed +5 flail
Missiles
 j - 4 tomahawks of returning (quivered)
 n - 2 tomahawks
Armour
 d - a +0 robe
 k - the +0 robe "Isoez" {rElec rC+ Int+4}
   (You found it on level 9 of the Dungeon)

   It affects your intelligence (+4).
   It protects you from cold.
   It insulates you from electricity.
 B - a +3 leather armour of magic resistance (worn)
   (You took it off Eustachio on level 5 of the Dungeon)
 E - a +2 helmet (worn)
 F - a +0 pair of boots (worn)
Magical Staves
 g - an uncursed staff of wizardry {unknown}
   (You found it on level 2 of the Dungeon)
Jewellery
 h - an amulet of harm (around neck)
   (You found it on level 3 of the Dungeon)
 o - a ring of protection from cold (right hand)
   (You found it on level 10 of the Dungeon)
 Y - a +4 ring of slaying (left hand)
   (You found it on level 5 of the Dungeon)
Wands
 t - a wand of flame (9)
Scrolls
 l - a scroll of fear {unknown}
 r - 3 scrolls of remove curse
 s - a scroll of noise {unknown}
 w - a scroll of teleportation
 y - a scroll of enchant weapon {unknown}
 A - a scroll of identify {unknown}
Potions
 f - 2 potions of curing
 i - a potion of mutation {!q}
 C - a potion of might
Books
 e - a book of Geomancy

   Spells                             Type                      Level
   a - Sandblast                      Earth                        1
   b - Passwall                       Transmutation/Earth          2
   c - Stone Arrow                    Conjuration/Earth            3
   d - Petrify                        Transmutation/Earth          4
   e - Lee's Rapid Deconstruction     Earth                        5
 m - a book of Minor Magic
   (You found it on level 7 of the Dungeon)

   Spells                             Type                      Level
   a - Magic Dart                     Conjuration                  1
   b - Blink                          Translocation                2
   c - Call Imp                       Summoning                    2
   d - Slow                           Hexes                        2
   e - Conjure Flame                  Conjuration/Fire             3
   f - Mephitic Cloud                 Conjuration/Poison/Air       3
Comestibles
 c - 6 rations


   Skills:
 + Level 5.9 Fighting
 + Level 5.9 Short Blades
 + Level 5.9 Long Blades
 + Level 5.9 Axes
 + Level 5.9 Maces & Flails
 + Level 5.9 Polearms
 + Level 5.9 Staves
 + Level 5.9 Slings
 + Level 5.9 Bows
 + Level 5.9 Crossbows
 + Level 5.9 Throwing
 + Level 5.9 Armour
 + Level 7.6 Dodging
 + Level 7.3 Stealth
 + Level 5.9 Shields
 + Level 5.9 Unarmed Combat
 + Level 7.8 Spellcasting
 + Level 4.9 Conjurations
 + Level 4.9 Hexes
 + Level 4.9 Charms
 + Level 4.9 Summonings
 + Level 4.9 Necromancy
 + Level 4.9 Translocations
 + Level 5.4 Transmutations
 + Level 4.9 Fire Magic
 + Level 4.9 Ice Magic
 + Level 4.9 Air Magic
 + Level 7.4 Earth Magic
 + Level 4.9 Poison Magic
 + Level 6.5 Invocations
 + Level 5.9 Evocations


You had 2 spell levels left.
You knew the following spells:

 Your Spells              Type           Power        Failure   Level  Hunger
a - Sandblast             Erth           #####.       1%          1    None
b - Blink                 Tloc           N/A          1%          2    None
c - Conjure Flame         Conj/Fire      ####....     3%          3    None
e - Petrify               Tmut/Erth      #####...     5%          4    ###....
j - Stone Arrow           Conj/Erth      #####.       1%          3    None
m - Mephitic Cloud        Conj/Pois/Air  ####....     3%          3    None
p - Passwall              Tmut/Erth      #####.....   1%          2    None
D - Lee's Rapid Deconstr  Erth           #####.....   10%         5    #####..


Dungeon Overview and Level Annotations

Branches:
Dungeon (11/15)            Temple (1/1) D:7            Lair (0/6) D:11
    Orc: D:9-12

Altars:
Ashenzari
Cheibriados
Elyvilon
Fedhas
Gozag
Kikubaaqudgha
Makhleb
Okawaru
Qazlal
Ru
Sif Muna
Uskayaw
Vehumet
Xom
Yredelemnul
Zin
The Shining One

Shops:
D:10 =

Annotations:
D:5 Edmund
D:10 Joseph


Innate Abilities, Weirdness & Mutations

Your experience applies equally to all skills.
You have very sharp teeth.
Your uncanny sense of smell can sniff out nearby items.
Your flesh is heat resistant. (rF+)
You passively map a small area around you.
Your muscles are strong. (Str +2)


Message History

Press: ? - help, Dir - move target cursor, p - yak The fire ignites!
The stone giant is engulfed in noxious fumes.
The stone giant hits itself!!
The crimson imp hits you but does no damage.
The yak completely misses you.
Unknown command.
You completely miss the yak. You bite the yak, but do no damage.
The yak is heavily wounded.
The stone giant is engulfed in noxious fumes.
The crimson imp blinks!
The yak completely misses you.
You puncture the yak! Lightning courses through the yak!
You kill the yak!
Cheibriados thoroughly appreciates the change of pace.
Okay, then.
Unknown command.
Unknown command.
Unknown command.
Unknown command.
Casting: Conjure Flame
Confirm with . or Enter, or press ? or * to list all spells.
Aiming: Mephitic Cloud
Press: ? - help, Shift-Dir - straight line The ball explodes into a vile cloud!
The stinking cloud engulfs the orc warrior.
The stone giant seems less confused.
The orc warrior is engulfed in noxious fumes.
The orc warrior appears confused.
Unknown command.
Unknown command.
Casting: Mephitic Cloud
Confirm with . or Enter, or press ? or * to list all spells.
Aiming: Mephitic Cloud
Press: ? - help, Shift-Dir - straight line The ball explodes into a vile cloud!
The stinking cloud engulfs the stone giant.
The stone giant is heavily wounded.
The stone giant is engulfed in noxious fumes.
The stone giant throws a large rock.
The large rock misses you.
The orc warrior is engulfed in noxious fumes.
The orc warrior appears confused.
Throwing (i - inventory. (,) - cycle):
j - 4 tomahawks of returning (quivered)
Press: ? - help, Shift-Dir - straight line You throw a tomahawk of returning.
The tomahawk of returning hits the stone giant.
The stone giant is heavily wounded.
The tomahawk of returning returns to your pack!
The stone giant is engulfed in noxious fumes.
The stone giant appears confused.
The crimson imp blinks!
Unknown command.
Evoke which item? (* to show all) (? for menu, Esc to quit)
Aiming: Throw Flame
Press: ? - help, Shift-Dir - straight line, f - stone giant
Aim: a stone giant (flame, heavily wounded, confused)
The puff of flame hits the stone giant.
The stone giant appears unharmed.
The stone giant is heavily wounded.
The stone giant is engulfed in blazing flames.
The orc warrior chortles and stares into space.
A gnoll sergeant comes into view. It is wielding a trident of flaming.
Unknown command.
Unknown command.
Unknown command.
Okay, then.
Unknown command.
Okay, then.
The stone giant hits the orc warrior but does no damage.
Things that are here:
a rapier; a troll corpse Unknown command.
Evoke which item? (* to show all) (? for menu, Esc to quit)
Aiming: Throw Flame
Press: ? - help, Shift-Dir - straight line, f/p - stone giant
Aim: a stone giant (severely wounded, confused)
The puff of flame hits the stone giant.
The stone giant appears unharmed.
The stone giant is severely wounded.
The crimson imp hits you.
* * * LOW HITPOINT WARNING * * *
The stone giant closely misses the crimson imp.
Unknown command.
Casting: Mephitic Cloud
Confirm with . or Enter, or press ? or * to list all spells.
Aiming: Mephitic Cloud
Press: ? - help, Shift-Dir - straight line, p - stone giant The ball explodes into a vile cloud!
The stinking cloud engulfs the gnoll sergeant.
The stinking cloud engulfs the orc warrior.
The yak falls into the lava!
The yak is incinerated.
Cheibriados thoroughly appreciates the change of pace.
The orc warrior is engulfed in noxious fumes.
The orc warrior appears confused.
The gnoll sergeant is engulfed in noxious fumes.
The gnoll sergeant appears confused.
The crimson imp closely misses you.
The stone giant looks very confused.
You hit the stone giant. You punch the stone giant!
The stone giant is almost dead.
The stone giant seems less confused.
The stone giant is engulfed in noxious fumes.
The stone giant hits you!!
You die...

* , , ,, *
*, * * ##∆
∆ , .## ,
?.## ,
,#####g..#
∆ ##(†§§##∆
*, *∆ ,
##..@§§≈##
*
#..#5C#o.#
,
#..#§>#..#
,*
##.$.$.≈##,
* ∆*
##.≈..##, *
###### * ∆
, ,,, ,* *
, , , ,, ,,
* ∆ *


You could see a stone giant, an orc warrior (confused), a gnoll sergeant
(confused) and a crimson imp.

Vanquished Creatures
  4 two-headed ogres
  A komodo dragon (D:10)
  2 trolls (D:10)
  A hornet (D:7)
  A hippogriff (D:10)
  A wyvern (D:10)
  5 yaks (D:10)
  Eustachio (D:5)
  A steam dragon (D:9)
  2 orc warriors
  2 black bears
  A phantom (D:6)
  3 ogres
  7 centaurs
  3 bullfrogs
  3 scorpions
  5 killer bees (D:9)
  3 wights (D:9)
  5 howler monkeys
  A crimson imp (D:10)
  A bullfrog zombie (D:5)
  A centaur zombie (D:5)
  An orc priest (D:5)
  5 hounds
  4 jellies
  3 orc wizards
  An iguana (D:5)
  3 worker ants
  3 gnolls
  5 adders
  2 adder zombies
  2 adder skeletons
  3 worms
  2 leopard geckos (D:9)
  11 orcs
  2 ball pythons
  2 bats
  A giant cockroach (D:7)
  2 gnoll zombies (D:7)
  A hobgoblin (D:3)
  4 jackals (D:10)
  4 goblins
  A jackal skeleton (D:6)
  2 kobolds
118 creatures vanquished.

Notes
Turn   | Place    | Note
-------+----------+-------------------------------------------
     0 | D:1      | tidbits the Gnoll Earth Elementalist began the quest for the Orb.
     0 | D:1      | Reached XP level 1. HP: 13/13 MP: 6/6
    77 | D:1      | Reached skill level 2 in Transmutations
   147 | D:2      | Reached XP level 2. HP: 19/19 MP: 5/7
   151 | D:2      | Learned a level 2 spell: Passwall
   233 | D:3      | Found a hide-covered altar of Uskayaw.
   319 | D:3      | Reached XP level 3. HP: 25/25 MP: 6/9
   324 | D:3      | Learned a level 3 spell: Stone Arrow
   390 | D:3      | Reached skill level 5 in Spellcasting
   434 | D:4      | Found an opulent altar of Gozag.
   442 | D:5      | Entered Level 5 of the Dungeon
   480 | D:5      | Reached skill level 1 in Fighting
   480 | D:5      | Reached skill level 1 in Short Blades
   480 | D:5      | Reached skill level 1 in Long Blades
   480 | D:5      | Reached skill level 1 in Axes
   480 | D:5      | Reached skill level 1 in Maces & Flails
   480 | D:5      | Reached skill level 1 in Polearms
   480 | D:5      | Reached skill level 1 in Staves
   480 | D:5      | Reached skill level 1 in Slings
   480 | D:5      | Reached skill level 1 in Bows
   480 | D:5      | Reached skill level 1 in Crossbows
   480 | D:5      | Reached skill level 1 in Throwing
   480 | D:5      | Reached skill level 1 in Armour
   480 | D:5      | Reached skill level 1 in Shields
   480 | D:5      | Reached skill level 1 in Unarmed Combat
   480 | D:5      | Reached skill level 1 in Invocations
   480 | D:5      | Reached skill level 1 in Evocations
   484 | D:5      | Reached XP level 4. HP: 32/32 MP: 4/11
   490 | D:5      | Learned a level 4 spell: Petrify
   509 | D:5      | Noticed a centaur
   565 | D:7      | Found a deep blue altar of Sif Muna.
   572 | D:7      | Noticed an orc warrior
   640 | D:5      | Killed a centaur
   640 | D:5      | Reached skill level 1 in Conjurations
   640 | D:5      | Reached skill level 1 in Hexes
   640 | D:5      | Reached skill level 1 in Charms
   640 | D:5      | Reached skill level 1 in Summonings
   640 | D:5      | Reached skill level 1 in Necromancy
   640 | D:5      | Reached skill level 1 in Translocations
   640 | D:5      | Reached skill level 1 in Fire Magic
   640 | D:5      | Reached skill level 1 in Ice Magic
   640 | D:5      | Reached skill level 1 in Air Magic
   640 | D:5      | Reached skill level 1 in Poison Magic
   640 | D:5      | Reached XP level 5. HP: 34/37 MP: 8/12
   663 | D:5      | Noticed Eustachio
   673 | D:5      | Killed Eustachio
   673 | D:5      | Reached skill level 2 in Invocations
   673 | D:5      | Reached XP level 6. HP: 44/44 MP: 9/14
   709 | D:5      | Reached skill level 2 in Fighting
   709 | D:5      | Reached skill level 2 in Short Blades
   709 | D:5      | Reached skill level 2 in Long Blades
   709 | D:5      | Reached skill level 2 in Axes
   709 | D:5      | Reached skill level 2 in Maces & Flails
   709 | D:5      | Reached skill level 2 in Polearms
   709 | D:5      | Reached skill level 2 in Staves
   709 | D:5      | Reached skill level 2 in Slings
   709 | D:5      | Reached skill level 2 in Bows
   709 | D:5      | Reached skill level 2 in Crossbows
   709 | D:5      | Reached skill level 2 in Throwing
   709 | D:5      | Reached skill level 2 in Armour
   709 | D:5      | Reached skill level 5 in Dodging
   709 | D:5      | Reached skill level 2 in Shields
   709 | D:5      | Reached skill level 2 in Unarmed Combat
   709 | D:5      | Reached skill level 2 in Evocations
   732 | D:5      | Noticed an orc warrior
   754 | D:5      | Killed an orc warrior
   754 | D:5      | Reached XP level 7. HP: 31/50 MP: 5/15
   766 | D:5      | Found a radiant altar of Vehumet.
   789 | D:5      | Found a sacrificial altar of Ru.
   870 | D:5      | Reached skill level 2 in Conjurations
   870 | D:5      | Reached skill level 2 in Hexes
   870 | D:5      | Reached skill level 2 in Charms
   870 | D:5      | Reached skill level 2 in Summonings
   870 | D:5      | Reached skill level 2 in Necromancy
   870 | D:5      | Reached skill level 2 in Translocations
   870 | D:5      | Reached skill level 2 in Fire Magic
   870 | D:5      | Reached skill level 2 in Ice Magic
   870 | D:5      | Reached skill level 2 in Air Magic
   870 | D:5      | Reached skill level 2 in Poison Magic
   878 | D:5      | Noticed Edmund
   890 | D:7      | Noticed a hippogriff
   896 | D:6      | Reached skill level 3 in Transmutations
   935 | D:6      | Reached skill level 5 in Stealth
   935 | D:6      | Reached skill level 3 in Invocations
   968 | D:7      | Reached skill level 6 in Earth Magic
   968 | D:7      | Reached XP level 8. HP: 28/57 MP: 0/16
   973 | D:7      | Learned a level 3 spell: Mephitic Cloud
   977 | D:7      | Learned a level 3 spell: Conjure Flame
   980 | D:7      | Learned a level 2 spell: Blink
  1057 | D:7      | Found a basalt altar of Yredelemnul.
  1091 | D:7      | Noticed a hornet
  1097 | D:7      | Killed a hornet
  1097 | D:7      | Reached skill level 3 in Fighting
  1097 | D:7      | Reached skill level 3 in Short Blades
  1097 | D:7      | Reached skill level 3 in Long Blades
  1097 | D:7      | Reached skill level 3 in Axes
  1097 | D:7      | Reached skill level 3 in Maces & Flails
  1097 | D:7      | Reached skill level 3 in Polearms
  1097 | D:7      | Reached skill level 3 in Staves
  1097 | D:7      | Reached skill level 3 in Slings
  1097 | D:7      | Reached skill level 3 in Bows
  1097 | D:7      | Reached skill level 3 in Crossbows
  1097 | D:7      | Reached skill level 3 in Throwing
  1097 | D:7      | Reached skill level 3 in Armour
  1097 | D:7      | Reached skill level 3 in Shields
  1097 | D:7      | Reached skill level 3 in Unarmed Combat
  1097 | D:7      | Reached skill level 3 in Evocations
  1118 | D:8      | Found a shattered altar of Ashenzari.
  1127 | D:8      | Reached skill level 6 in Spellcasting
  1150 | D:8      | Noticed a two-headed ogre
  1163 | D:8      | Killed a two-headed ogre
  1163 | D:8      | Reached skill level 6 in Dodging
  1163 | D:8      | Reached skill level 3 in Conjurations
  1163 | D:8      | Reached skill level 3 in Hexes
  1163 | D:8      | Reached skill level 3 in Charms
  1163 | D:8      | Reached skill level 3 in Summonings
  1163 | D:8      | Reached skill level 3 in Necromancy
  1163 | D:8      | Reached skill level 3 in Translocations
  1163 | D:8      | Reached skill level 3 in Fire Magic
  1163 | D:8      | Reached skill level 3 in Ice Magic
  1163 | D:8      | Reached skill level 3 in Air Magic
  1163 | D:8      | Reached skill level 3 in Poison Magic
  1163 | D:8      | Reached skill level 4 in Invocations
  1163 | D:8      | Reached XP level 9. HP: 49/65 MP: 12/18
  1169 | D:8      | Reached skill level 4 in Fighting
  1169 | D:8      | Reached skill level 4 in Short Blades
  1169 | D:8      | Reached skill level 4 in Long Blades
  1169 | D:8      | Reached skill level 4 in Axes
  1169 | D:8      | Reached skill level 4 in Maces & Flails
  1169 | D:8      | Reached skill level 4 in Polearms
  1169 | D:8      | Reached skill level 4 in Staves
  1169 | D:8      | Reached skill level 4 in Slings
  1169 | D:8      | Reached skill level 4 in Bows
  1169 | D:8      | Reached skill level 4 in Crossbows
  1169 | D:8      | Reached skill level 4 in Throwing
  1169 | D:8      | Reached skill level 4 in Armour
  1169 | D:8      | Reached skill level 4 in Shields
  1169 | D:8      | Reached skill level 4 in Unarmed Combat
  1169 | D:8      | Reached skill level 4 in Transmutations
  1169 | D:8      | Reached skill level 4 in Evocations
  1206 | D:8      | Noticed a two-headed ogre
  1326 | D:7      | Found a staircase to the Ecumenical Temple.
  1332 | Temple   | Entered the Ecumenical Temple
  1412 | Temple   | Became a worshipper of Cheibriados the Contemplative
  1465 | D:9      | Reached skill level 6 in Stealth
  1471 | D:9      | Gained mutation: You passively map a small area around you. [potion of mutation]
  1471 | D:9      | Gained mutation: Your muscles are strong. (Str +2) [potion of mutation]
  1471 | D:9      | Gained mutation: Your flesh is heat resistant. (rF+) [potion of mutation]
  1519 | D:9      | Got a wizard robe
  1530 | D:9      | Identified the cursed +0 robe "Isoez" {rElec rC+ Int+4} (You found it on level 9 of the Dungeon)
  1628 | D:8      | Killed a two-headed ogre
  1628 | D:8      | Reached skill level 5 in Invocations
  1644 | D:8      | Reached skill level 7 in Spellcasting
  1644 | D:8      | Reached XP level 10. HP: 73/73 MP: 15/20
  1656 | D:8      | Noticed a two-headed ogre
  1663 | D:8      | Killed a two-headed ogre
  1663 | D:8      | Reached skill level 5 in Fighting
  1663 | D:8      | Reached skill level 5 in Short Blades
  1663 | D:8      | Reached skill level 5 in Long Blades
  1663 | D:8      | Reached skill level 5 in Axes
  1663 | D:8      | Reached skill level 5 in Maces & Flails
  1663 | D:8      | Reached skill level 5 in Polearms
  1663 | D:8      | Reached skill level 5 in Staves
  1663 | D:8      | Reached skill level 5 in Slings
  1663 | D:8      | Reached skill level 5 in Bows
  1663 | D:8      | Reached skill level 5 in Crossbows
  1663 | D:8      | Reached skill level 5 in Throwing
  1663 | D:8      | Reached skill level 5 in Armour
  1663 | D:8      | Reached skill level 5 in Shields
  1663 | D:8      | Reached skill level 5 in Unarmed Combat
  1663 | D:8      | Reached skill level 4 in Conjurations
  1663 | D:8      | Reached skill level 4 in Hexes
  1663 | D:8      | Reached skill level 4 in Charms
  1663 | D:8      | Reached skill level 4 in Summonings
  1663 | D:8      | Reached skill level 4 in Necromancy
  1663 | D:8      | Reached skill level 4 in Translocations
  1663 | D:8      | Reached skill level 4 in Fire Magic
  1663 | D:8      | Reached skill level 4 in Ice Magic
  1663 | D:8      | Reached skill level 4 in Air Magic
  1663 | D:8      | Reached skill level 4 in Poison Magic
  1663 | D:8      | Reached skill level 5 in Evocations
  1800 | D:9      | Reached skill level 7 in Earth Magic
  1802 | D:9      | Reached * piety under Cheibriados
  1811 | D:9      | Learned a level 5 spell: Lee's Rapid Deconstruction
  1893 | D:10     | Entered Level 10 of the Dungeon
  1923 | D:10     | Reached skill level 7 in Dodging
  1942 | D:11     | Found a staircase to the Lair.
  1956 | D:10     | HP: 10/111 [hippogriff (6)]
  1959 | D:10     | Reached skill level 5 in Transmutations
  1967 | D:10     | Reached skill level 6 in Invocations
  1983 | D:10     | Reached skill level 7 in Stealth
  2014 | D:10     | Found Ujifet's Jewellery Shoppe.
  2044 | D:10     | Noticed Joseph
  2094 | D:11     | Noticed a two-headed ogre
  2107 | D:11     | Killed a two-headed ogre
  2107 | D:11     | Reached XP level 11. HP: 37/81 MP: 22/22
  2110 | D:11     | Reached ** piety under Cheibriados
  2212 | D:10     | Noticed a stone giant
  2230 | D:10     | Mangled by a stone giant

Skill      XL: |  1  2  3  4  5  6  7  8  9 10 |
---------------+-------------------------------+-----
Transmutations | 2 3 4 5 |  5.4
Spellcasting   | 5 6 7 |  7.8
Fighting       | 1 2 3 4 5 |  5.9
Short Blades   | 1 2 3 4 5 |  5.9
Long Blades    | 1 2 3 4 5 |  5.9
Axes           | 1 2 3 4 5 |  5.9
Maces & Flails | 1 2 3 4 5 |  5.9
Polearms       | 1 2 3 4 5 |  5.9
Staves         | 1 2 3 4 5 |  5.9
Slings         | 1 2 3 4 5 |  5.9
Bows           | 1 2 3 4 5 |  5.9
Crossbows      | 1 2 3 4 5 |  5.9
Throwing       | 1 2 3 4 5 |  5.9
Armour         | 1 2 3 4 5 |  5.9
Shields        | 1 2 3 4 5 |  5.9
Unarmed Combat | 1 2 3 4 5 |  5.9
Invocations    | 1 2 3 4 5 6 |  6.5
Evocations     | 1 2 3 4 5 |  5.9
Conjurations   | 1 2 3 4 |  4.9
Hexes          | 1 2 3 4 |  4.9
Charms         | 1 2 3 4 |  4.9
Summonings     | 1 2 3 4 |  4.9
Necromancy     | 1 2 3 4 |  4.9
Translocations | 1 2 3 4 |  4.9
Fire Magic     | 1 2 3 4 |  4.9
Ice Magic      | 1 2 3 4 |  4.9
Air Magic      | 1 2 3 4 |  4.9
Poison Magic   | 1 2 3 4 |  4.9
Dodging        | 5 6 7 |  7.6
Stealth        | 5 6 7 |  7.3
Earth Magic    | 6 7 |  7.4

Action                   |  1- 3 |  4- 6 |  7- 9 | 10-12 || total
-------------------------+-------+-------+-------+-------++-------
Melee: Dagger            |     1 |       |       |       ||     1
       Rapier            |       |    13 |    68 |    87 ||   168
       Bite              |       |     1 |     3 |     6 ||    10
       Punch             |       |     1 |       |     5 ||     6
Throw: Javelin           |       |       |       |     2 ||     2
       Tomahawk          |       |       |       |     1 ||     1
 Cast: Sandblast         |    18 |    13 |    17 |     8 ||    56
       Passwall          |     2 |     3 |     5 |     5 ||    15
       Petrify           |       |     1 |       |     5 ||     6
       Stone Arrow       |       |       |     7 |     4 ||    11
       Conjure Flame     |       |       |       |     2 ||     2
       Mephitic Cloud    |       |       |       |     5 ||     5
       Blink             |       |       |       |     1 ||     1
Evoke: Wand              |       |       |     3 |     2 ||     5
  Use: Potion            |       |       |     2 |     5 ||     7
       Scroll            |       |       |     1 |     2 ||     3
 Stab: Sleeping          |     1 |     1 |     9 |     6 ||    17
       Petrified         |       |     3 |       |     6 ||     9
       Confused          |       |       |       |     1 ||     1
  Eat: Ration            |     1 |       |       |       ||     1
       Chunk             |       |       |       |     1 ||     1
Armor: Leather armour    |       |     4 |    15 |     8 ||    27
       Robe              |       |       |     1 |     5 ||     6
       Skin              |       |       |       |    45 ||    45
Dodge: Dodged            |     1 |     7 |    55 |    65 ||   128
       Rpst.: Falchion   |       |     2 |       |       ||     2

Table legend:
 A = Turns spent in this place as a percentage of turns spent in the entire game.
 B = Non-inter-level travel turns spent in this place as a percentage of non-inter-level travel turns spent in the entire game.
 C = Inter-level travel turns spent in this place as a percentage of turns spent in this place.
 D = Turns resting spent in this place as a percentage of non-inter-level travel turns spent in this place.
 E = Turns spent auto-exploring this place as a percentage of non-inter-level travel turns spent in this place.
 F = Non-inter-level travel turns spent in this place divided by the number of levels of this place that you've seen.
                   A       B       C       D       E      F
               +-------+-------+-------+-------+-------+----------------------
         Total | 100.0 | 100.0 |   0.8 |   0.0 |   0.0 | 184.4
       Dungeon |  95.6 |  96.3 |   0.0 |   0.0 |   0.0 | 193.7
        Temple |   4.4 |   3.7 |  17.2 |   0.0 |   0.0 |  82.0
               +-------+-------+-------+-------+-------+----------------------

Table legend:
 A = Kills in this place as a percentage of kills in entire the game.
 B = Kills by you in this place as a percentage of kills by you in the entire game.
 C = Kills by friends in this place as a percentage of kills by friends in the entire game.
 D = Other kills in this place as a percentage of other kills in the entire game.
 E = Experience gained in this place as a percentage of experience gained in the entire game.
 F = Experience gained in this place divided by the number of levels of this place that you have seen.
                   A       B       C       D       E      F
               +-------+-------+-------+-------+-------+----------------------
         Total | 100.0 | 100.0 |   N/A | 100.0 | 100.0 | 896.9
       Dungeon | 100.0 | 100.0 |   N/A | 100.0 | 100.0 | 978.5
               +-------+-------+-------+-------+-------+----------------------

Vault maps used:
D:1:      dpeg_arrival_ternary
D:2:      first_ration
D:3:      nicolae_overflow_crystal_walls, gup_sewer_entry_bubbles
D:4:      overflow_temple_1_default, kennysheep_mini,
          nicolae_qazlal_general_emergency
D:5:      lemuel_round_altar, vehumet_altar_wand_db,
          gammafunk_temple_overflow_pools, basic_altar, hex_intersection,
          uniq_eustachio, uniq_edmund
D:7:      lemuel_zombie_altar_yredelemnul, minmay_temple_entry_enclosed_plants,
          basic_altar, led_sif_book
D:8:      overflow_temple_1_default, david_nohive_1, kennysheep_small_square
D:9:      kennysheep_little_box, kennysheep_mini_moat, serial_glass,
          glass_columns_a, glass_columns_c, basic_altar
D:10:     serial_shops, shop, shop_coins, nzn_random_ring, uniq_joseph
D:11:     minmay_lair_entry_lava, lightli_bailey_entry_fortress
Temple:   minmay_temple_curvy_loop
